Match 31596231
Unlisted

Match 31596231
End
Construct Infanterie Kompanie
Selects Luftwaffe Battlegroup
Selects Luftwaffe Pioneer Support
Fallschirmpioneer Squad Paradrop
Grenadier Squad
Construct Panzergrenadier Kompanie
MG 42 Machine Gun Team
Fallschirmpioneer Squad Paradrop
Pak 40 Anti-tank Gun Team
251 Medium Carrier
Selects Stuka Strafing Run
Selects Fallschirmjäger Squad Paradrop
Stuka Strafing Run
GrW 34 Mortar Team
Stuka Strafing Run
Selects Fragmentation Bombs
Pak 40 Anti-tank Gun Team
TOPGUN =★=
petslore
[EC] Ouch
Morgan
Aegon
Vlambulance-YouTube
Alekel
Guastronzo ITA
0
0

Comments sign in to comment!

No comments posted yet!